 Dungeon Crawl Stone Soup version 0.29-a0-550-g81e455f4c2 (webtiles) character file.

Game seed: 10284602088756679559

16212 Conn the Thaumaturge (level 12, -2/82 HPs)
             Began as an Octopode Fire Elementalist on June 5, 2022.
             Was a Priest of Sif Muna.
             Slain by a tentacled starspawn (10 damage)
             ... on level 3 of the Abyss.
             The game lasted 00:56:45 (14856 turns).

Conn the Thaumaturge (Octopode Fire Elementalist)  Turns: 14856, Time: 00:56:47

Health: -2/82      AC: 26    Str: 14      XL:     12   Next: 35%
Magic:  17/26      EV:  2    Int: 21 (22) God:    Sif Muna [***...]
Gold:   195        SH:  5    Dex: 17 (18) Spells: 11/32 levels left

rFire   . . .      SeeInvis .   b - staff of conjuration
rCold   + . .      Faith    .   (no shield)
rNeg    . . .      Spirit   .   (helmet currently unavailable)
rPois   +          Reflect  +   l - amulet of reflection
rElec   .          Harm     .   j - +6 ring of dexterity
rCorr   +          Rampage  .   o - ring of poison resistance
Will    .....      NoTele   +   i - ring of wizardry
Stlth   +++.......              e - +6 ring of strength
HPRegen 0.00/turn               m - ring of resist corrosion
MPRegen 0.20/turn               s - ring of protection from cold
                                x - +4 ring of evasion
                                (no ring)

@: mighty, tree-form, sick, studying Ice Magic, unable to read
A: stationary, stasis, torment immunity, boosted hp, almost no armour,
(amphibious), 8 rings, (camouflage 1), (gelatinous body 1), (nimble swimmer 1),
(tentacles), [deterioration 2], [frail 2], [inability to read while threatened]
a: Renounce Religion, Channel Magic, Forget Spell


You were on level 3 of the Abyss.
You worshipped Sif Muna.
Sif Muna was most pleased with you.
You were a tree.
You visited 2 branches of the dungeon, and saw 12 of its levels.
You visited the Abyss 1 time.
You also visited: Ossuary.

You collected 1749 gold pieces.
You spent 1554 gold pieces at shops.

Inventory:

Hand Weapons
 a - a +7 spectral short sword
 c - a +0 short sword
 d - a +0 dagger of holy wrath
 M - a +4 dagger of protection
Missiles
 g - 28 poisoned darts
 H - 3 throwing nets
 P - 3 curare-tipped darts (quivered)
Armour
 D - a +0 hat of intelligence (melded)
 N - a +0 buckler
Magical Staves
 b - a staff of conjuration (weapon)
 w - a staff of cold
Jewellery
 e - a +6 ring of strength (on tentacle)
 i - a ring of wizardry (on tentacle)
 j - a +6 ring of dexterity (left branch)
 l - an amulet of reflection (around neck)
 m - a ring of resist corrosion (on tentacle)
 o - a ring of poison resistance (right branch)
 s - a ring of protection from cold (on tentacle)
 t - an amulet of the acrobat
 v - an amulet of magic regeneration
 x - a +4 ring of evasion (on tentacle)
Wands
 y - a wand of acid (19)
 G - a wand of iceblast (13)
 L - a wand of polymorph (8)
 O - a wand of flame (20)
Scrolls
 n - a scroll of magic mapping
 q - 2 scrolls of immolation
 u - 2 scrolls of poison
 C - a scroll of teleportation
 I - a scroll of identify
Potions
 f - a potion of curing
 h - a potion of mutation
 k - a potion of magic
 p - 6 potions of attraction
 r - a potion of heal wounds
 A - a potion of haste
 B - 3 potions of brilliance
 E - 2 potions of ambrosia
 F - a potion of invisibility
 J - 2 potions of might
 K - a potion of resistance
 Q - a potion of cancellation


   Skills:
 + Level 1.5 Fighting
 + Level 2.2 Short Blades
 + Level 1.2 Staves
 + Level 1.4 Throwing
 + Level 3.5 Dodging
 + Level 6.3 Stealth
 + Level 10.9 Spellcasting
 + Level 7.1 Conjurations
 + Level 3.7 Hexes
 + Level 0.6 Translocations
 + Level 10.8 Fire Magic
 * Level 5.7 Ice Magic
 * Level 5.6 Invocations
 + Level 1.5 Evocations


You had 11 spell levels left.
You knew the following spells:

 Your Spells              Type           Power      Damage    Failure   Level
a - Foxfire               Conj/Fire      100%       2x1d9     1%          1
b - Conjure Flame         Conj/Fire      65%        6-21      1%          3
c - Inner Flame           Hex/Fire       42%        N/A       1%          3
d - Flame Wave            Conj/Fire      65%        2d12      1%          4
e - Scorch                Fire           100%       2d10      1%          2
f - Iskenderun's Mystic   Conj/Tloc      41%        2d9       4%          4
g - Fulminant Prism       Conj/Hex       25%        3d14      2%          4

Your spell library contained the following spells:

 Spells                   Type           Power      Damage    Failure   Level
 Ensorcelled Hibernation  Hex/Ice        62%        N/A       1%          2
 Tukima's Dance           Hex            27%        N/A       1%          3
 Portal Projectile        Hex/Tloc       40%        N/A       3%          3
 Spider Form              Tmut/Pois      11%        N/A       8%          3
 Anguish                  Hex/Necr       9%         N/A       11%         4
 Passage of Golubria      Tloc           14%        N/A       17%         4
 Yara's Violent Unravell  Hex/Tmut       9%         3d6       28%         5
 Blade Hands              Tmut           5%         N/A       52%         5
 Lee's Rapid Deconstruct  Erth           5%         3d7*      52%         5


Dungeon Overview and Level Annotations

Branches:
Dungeon (11/15)            Temple (1/1) D:5            Lair (0/6) D:11
Ossuary (visited)
    Orc: D:9-12

Altars:
Ashenzari
Cheibriados
Dithmenos
Elyvilon
Fedhas
Gozag
Hepliaklqana
Kikubaaqudgha
Makhleb
Nemelex Xobeh
Qazlal
Ru
Sif Muna
Trog
Uskayaw
Wu Jian
Yredelemnul

Shops:
D:10 =

Annotations:
D:1 1 runed translucent door
D:11 3 runed translucent doors, blade888's ghost, journeyman DrIE


Innate Abilities, Weirdness & Mutations

You are a tree.
Your roots penetrate the ground, keeping you stationary.
You cannot be teleported.
You are immune to unholy pain and torment.
Your maximum health is greatly increased.
You cannot wear most types of armour.
((You are amphibious.))
You can wear up to eight rings at the same time.
((Your skin changes colour to match your surroundings (Stealth+).))
((Your rubbery body absorbs attacks. (AC +1, EV +1)))
((You are camouflaged when in or above water. (Stealth+)))
((You have tentacles for arms and can constrict up to eight enemies at once.))
[Your body often deteriorates upon taking damage.]
[You are very frail. (-20% HP)]
[You sometimes lose the ability to read scrolls when taking damage.]


Message History

Press: ? - help, Dir - look around, f - activate You feel a surge of power!
A wave of flame ripples out!
The flame wave engulfs the tentacled starspawn!
The tentacled starspawn is moderately damaged.
The flame wave engulfs the ancient zyme!!
The ancient zyme is moderately damaged. (Press . to intensify the flame waves.)
The ancient zyme hits you.
The ancient zyme hits you but does no damage.
Tentacles burst from the starspawn's body! 2 starspawn tentacles come into view.
A wave of flame ripples out!
The flame wave engulfs the tentacled starspawn!
The tentacled starspawn is heavily damaged.
The flame wave engulfs the ancient zyme!
The ancient zyme is heavily damaged.
The flame wave engulfs the starspawn tentacle!
The starspawn tentacle is heavily damaged.
The flame wave engulfs the starspawn tentacle!
The starspawn tentacle is heavily damaged.
The ancient zyme hits you but does no damage.
You block the ancient zyme's attack. The tentacled starspawn bites you!!
You feel threatened and lose the ability to read scrolls!
* * * LOW HITPOINT WARNING * * *
Your body deteriorates!
You feel dopey.
The tentacled starspawn tentacle-slaps you.
* * * LOW HITPOINT WARNING * * *
A wave of flame ripples out!
The flame wave engulfs the tentacled starspawn but does no damage.
The tentacled starspawn is severely damaged.
The flame wave engulfs the ancient zyme.
The ancient zyme is severely damaged.
The flame wave engulfs the starspawn tentacle.
The starspawn tentacle is severely damaged.
The flame wave engulfs the starspawn tentacle!
You destroy the starspawn tentacle!
You finish channelling waves of flame.
The ancient zyme hits you but does no damage. x2
The tentacled starspawn bites you!
You die...

#.#......###...
..# .# .. . #....
##.#. ..##..
#.#..## . .
....##. . ......#
#.#..##......#.##
.....#.#.....##
##.... ###w#..#
.#. .#.##♣X.#. #
.§.§.x .#x#.#.§#
.§§... #......
#........#.#..
#.. ..##.##....
... #.#....# .# #
##.. .#. #
....#.#. ..
.#...#...#


You could see a tentacled starspawn, an ancient zyme and a starspawn tentacle
(distracted).

Vanquished Creatures
  Gastronok (D:10)
  Snorg (D:10)
  Erica (D:8)
  2 two-headed ogres
  Urug (D:10)
  Nergalle (D:10)
  A spatial maelstrom (Abyss:2)
  A wizard (D:11)
  Pikel (D:8)
  An ugly thing (D:11)
  A manticore (D:11)
  A cyclops (D:10)
  Psyche (D:8)
  4 kobold demonologists
  An unseen horror (D:11)
  A tengu conjurer (D:11)
  2 trolls
  Sigmund (D:6)
  A vampire (D:9)
  20 yaks
  Eustachio (D:5)
  3 steam dragons
  An acid dragon (D:11)
  An orc warrior (D:9)
  2 water moccasins (D:8)
  A black bear (D:7)
  2 sky beasts
  An ice beast (D:7)
  2 centaurs
  3 lemures (D:8)
  3 ogres
  A phantom (D:4)
  2 elf zombies (Ossuary)
  3 kobold brigands
  A gnoll sergeant (D:9)
  A necrophage (D:5)
  2 bullfrogs
  6 scorpions
  8 wights
  A killer bee (D:10)
  2 howler monkeys
  A human zombie (Ossuary)
  6 orc priests
  2 hounds
  Natasha (thrice) (D:2)
  7 iguanas
  5 orc wizards
  2 mummies (Ossuary)
  Robin (D:2)
  7 adders
  7 gnolls
  A shadow imp (D:5)
  4 white imps
  2 ufetubi
  A worm (D:4)
  A dart slug (D:3)
  32 orcs
  6 ball pythons
  6 bats
  7 endoplasms
  3 giant cockroaches
  17 goblins
  9 hobgoblins
  2 jackals (D:4)
  4 quokkas
  5 frilled lizards
  11 hobgoblin zombies (Ossuary)
  2 jackal zombies (Ossuary)
  12 kobolds
  12 kobold zombies (Ossuary)
  8 orc zombies (Ossuary)
  7 rats
  A rat zombie (Ossuary)
  A starspawn tentacle (Abyss:3)
286 creatures vanquished.

Vanquished Creatures (others)
  820 foxfires
  2 fulminant prisms
822 creatures vanquished.

Grand Total: 1108 creatures vanquished

Notes
Turn   | Place    | Note
-------+----------+-------------------------------------------
     0 | D:1      | Conn the Octopode Fire Elementalist began the quest for the
                  | Orb.
     0 | D:1      | Reached XP level 1. HP: 11/11 MP: 3/3
     1 | D:1      | Found a runed translucent door.
     4 | D:1      | Noticed a jelly
   358 | D:1      | Reached XP level 2. HP: 17/17 MP: 5/5
  1145 | D:1      | Learned a level 2 spell: Scorch
  1149 | D:2      | Found a faded altar of an unknown god.
  1202 | D:2      | Reached XP level 3. HP: 21/21 MP: 1/6
  1680 | D:2      | Noticed Natasha
  1686 | D:2      | Killed Natasha
  1687 | D:2      | Reached XP level 4. HP: 24/27 MP: 0/7
  1859 | D:2      | Noticed Robin
  1870 | D:2      | Killed Robin
  2038 | D:2      | Found a sacrificial altar of Ru.
  2159 | D:2      | Noticed Natasha
  2180 | D:2      | Killed Natasha
  2181 | D:2      | Reached XP level 5. HP: 23/32 MP: 1/9
  2465 | D:2      | Noticed Natasha
  2470 | D:2      | Killed Natasha
  2645 | D:3      | Reached skill level 1 in Short Blades
  2835 | D:3      | Reached skill level 1 in Throwing
  3620 | D:4      | Reached XP level 6. HP: 24/37 MP: 0/10
  4055 | D:4      | Reached skill level 5 in Fire Magic
  4379 | D:4      | Reached XP level 7. HP: 42/42 MP: 6/13
  5005 | D:5      | Entered Level 5 of the Dungeon
  5270 | D:5      | Noticed Eustachio
  5277 | D:5      | Killed Eustachio
  5278 | D:5      | Reached skill level 1 in Staves
  5278 | D:5      | Reached XP level 8. HP: 47/47 MP: 9/15
  5416 | D:5      | Found a staircase to the Ecumenical Temple.
  5423 | Temple   | Entered the Ecumenical Temple
  5573 | Temple   | Became a worshipper of Sif Muna the Loreminder
  5731 | D:5      | Reached skill level 5 in Spellcasting
  6556 | D:5      | Learned a level 3 spell: Conjure Flame
  6560 | D:5      | Learned a level 3 spell: Inner Flame
  6565 | D:5      | Learned a level 4 spell: Flame Wave
  6658 | D:6      | Reached skill level 5 in Stealth
  6798 | D:6      | Noticed a troll
  6812 | D:6      | Killed a troll
  6860 | D:6      | Noticed Sigmund
  6906 | D:7      | Reached skill level 1 in Fighting
  7112 | D:7      | Reached XP level 9. HP: 24/53 MP: 5/18
  7133 | D:7      | Found an ornate altar of the Wu Jian Council.
  7526 | D:7      | Found a sand-covered staircase.
  7536 | Ossuary  | Entered an ossuary
  7673 | Ossuary  | Reached * piety under Sif Muna
  8152 | Ossuary  | Identified a scroll of acquirement
  8152 | Ossuary  | Acquired 1116 gold pieces
  8428 | D:6      | Reached ** piety under Sif Muna
  8564 | D:6      | Killed Sigmund
  8634 | D:6      | Found the +18 Lear's hauberk
  8816 | D:6      | Reached skill level 5 in Conjurations
  9668 | D:8      | Noticed a two-headed ogre
  9674 | D:8      | Reached XP level 10. HP: 59/59 MP: 3/21
  9676 | D:8      | Killed a two-headed ogre
  9907 | D:8      | Noticed Pikel
  9907 | D:8      | Noticed Psyche
  9960 | D:8      | Killed Pikel
 10219 | D:8      | Killed Psyche
 10220 | D:8      | Reached skill level 1 in Hexes
 10415 | D:8      | Noticed Erica
 10494 | D:8      | Killed Erica
 11300 | D:9      | Noticed a kobold demonologist
 11547 | D:9      | Reached skill level 1 in Invocations
 11547 | D:9      | Reached XP level 11. HP: 63/63 MP: 12/24
 11551 | D:9      | Reached skill level 1 in Ice Magic
 11612 | D:9      | Reached *** piety under Sif Muna
 11790 | D:9      | Noticed a two-headed ogre
 11801 | D:9      | Killed a two-headed ogre
 11979 | D:9      | Reached skill level 10 in Spellcasting
 11979 | D:9      | Reached skill level 10 in Fire Magic
 12312 | D:10     | Entered Level 10 of the Dungeon
 12318 | D:10     | Noticed Gastronok
 12678 | D:10     | Learned a level 4 spell: Iskenderun's Mystic Blast
 12683 | D:10     | Learned a level 4 spell: Fulminant Prism
 12750 | D:10     | Noticed a cyclops
 12780 | D:10     | Noticed Nergalle
 12780 | D:10     | Noticed Urug
 13000 | D:10     | Noticed Snorg
 13015 | D:10     | Reached **** piety under Sif Muna
 13026 | D:10     | Killed Snorg
 13085 | D:10     | Found Riuw's Jewellery Shoppe.
 13094 | D:10     | Bought an amulet of reflection for 420 gold pieces
 13094 | D:10     | Bought a ring of resist corrosion for 280 gold pieces
 13094 | D:10     | Bought a ring of protection from cold for 350 gold pieces
 13094 | D:10     | Bought a +4 ring of evasion for 504 gold pieces
 13122 | D:10     | Killed Urug
 13144 | D:10     | Killed Nergalle
 13480 | D:10     | Killed a cyclops
 13481 | D:10     | Reached skill level 5 in Invocations
 13481 | D:10     | Reached XP level 12. HP: 69/69 MP: 13/26
 13812 | D:10     | Killed Gastronok
 13813 | D:10     | Reached skill level 5 in Ice Magic
 13860 | D:10     | Reached skill level 1 in Evocations
 14126 | D:11     | Found a runed translucent gate.
 14222 | D:11     | Found a runed translucent gate.
 14222 | D:11     | Found a runed translucent gate.
 14223 | D:11     | Noticed blade888's ghost (journeyman DrIE)
 14231 | D:11     | Found a staircase to the Lair.
 14251 | D:11     | Noticed a boulder beetle
 14251 | D:11     | Noticed a two-headed ogre
 14605 | D:11     | Cast into level 2 of the Abyss (a wizard)
 14725 | Abyss:2  | Noticed a wretched star
 14742 | Abyss:2  | Found a corrupted altar of Lugonu.
 14744 | Abyss:2  | Found a corrupted altar of Lugonu.
 14846 | Abyss:3  | Noticed a tentacled starspawn
 14856 | Abyss:3  | Slain by a tentacled starspawn

Illustrated notes

Levels and vault maps discovered:
D:1:      dpeg_arrival_caged_fury, layout_rooms, chequers_decorated_corner,
          minmay_misc_feat_x, grunt_decor_arrowhead, minmay_unequal
D:2:      layout_loops_ring, hellmonk_ecumenical_altar_blasted, basic_altar,
          uniq_robin, uniq_natasha
D:3:      layout_loops_ring
D:4:      layout_basic, minmay_misc_feat_rugged, minmay_pentangle
D:5:      nicolae_cairo_tiling, layout_loops_corners, uniq_eustachio
D:6:      layout_loops_ring, hellmonk_guarded_unrand_lears, uniq_sigmund
D:7:      layout_gridville, mainiacjoe_overflow_boulevard,
          lightli_ossuary_entry_decrepit_ruins
D:8:      layout_basic, enter_bailey_7, uniq_pikel, uniq_psyche, uniq_erica
D:9:      layout_rooms
D:10:     layout_basic, serial_shops, shop, minmay_fractal_squares_gapless_5,
          uniq_gastronok, uniq_nergalle, uniq_urug, uniq_snorg
D:11:     minmay_the_grid_4x2 [minmay_the_grid_stretched_grid,
          minmay_the_grid_doors, minmay_the_grid_minigrid_large,
          minmay_the_grid_minigrid_small_alt, minmay_the_grid_broken_lines,
          minmay_the_grid_outer_circle, minmay_the_grid_mess,
          minmay_the_grid_prize_shrinking_boxes], layout_basic,
          gammafunk_ghost_necromancy
Temple:   mainiacjoe_temple_archimedes_tessellation
Abyss:3:  base:
D:3

Skill      XL: |  1  2  3  4  5  6  7  8  9 10 11 12 |
---------------+-------------------------------------+-----
Stealth        | 3 4 5 6 |  6.3
Fire Magic     | 4 5 6 8 9 10 | 10.8
Short Blades   | 1 2 |  2.2
Throwing       | 1 |  1.4
Spellcasting   | 3 4 6 7 9 10 | 10.9
Conjurations   | 2 3 4 5 6 7 |  7.1
Staves         | 1 |  1.2
Fighting       | 1 |  1.5
Dodging        | 3 |  3.5
Hexes          | 2 3 |  3.7
Invocations    | 1 5 |  5.6
Ice Magic      | 4 5 |  5.7
Evocations     | 1 |  1.5
Translocations | |  0.6

Action                   |  1- 3 |  4- 6 |  7- 9 | 10-12 || total
-------------------------+-------+-------+-------+-------++-------
Melee: Dagger            |    27 |       |       |       ||    27
       Constrict         |     6 |    10 |    19 |     4 ||    39
       Short sword       |     1 |    11 |    28 |     1 ||    41
       Tentacles         |     4 |     8 |    20 |     8 ||    40
       Staff             |       |    24 |    27 |    20 ||    71
       Punch             |       |       |     2 |       ||     2
Throw: Dart              |       |     3 |     1 |     7 ||    11
       Throwing net      |       |       |       |     1 ||     1
 Cast: Foxfire           |    33 |   122 |   191 |   138 ||   484
       Scorch            |     2 |     7 |    39 |    82 ||   130
       Conjure Flame     |       |       |     6 |    15 ||    21
       Inner Flame       |       |       |     3 |    35 ||    38
       Flame Wave        |       |       |     2 |     7 ||     9
       Iskenderun's Myst |       |       |       |    17 ||    17
       Fulminant Prism   |       |       |       |     2 ||     2
Invok: Channel Magic     |       |       |       |     1 ||     1
Evoke: Wand              |       |       |       |     7 ||     7
  Use: Potion            |       |     1 |       |     6 ||     7
       Scroll            |       |       |     9 |    27 ||    36
 Stab: Sleeping          |     6 |     6 |     8 |     1 ||    21
Armor: Skin              |     1 |     2 |     1 |     9 ||    13
Dodge: Dodged            |    16 |    29 |    37 |    47 ||   129
Block: Other             |       |       |       |     3 ||     3

Table legend: (Time is in decaauts)
 A = Elapsed time spent in this place.
 B = Non-inter-level travel time spent in this place.
 C = Inter-level travel time spent in this place.
 D = Time resting spent in this place.
 E = Time spent auto-exploring this place.
 F = Levels seen in this place.
 G = Mean time per level.
                   A        B        C        D        E       F      G
               +--------+--------+--------+--------+--------+-----+--------+
         Total |  14835 |  14559 |    276 |    678 |  10580 |  15 |  989.0 |
       Dungeon |  13739 |  13483 |    256 |    663 |   9893 |  11 | 1249.0 |
        Temple |    170 |    150 |     20 |      0 |    125 |   1 |  170.0 |
         Abyss |    231 |    231 |      0 |     15 |     51 |   2 |  115.5 |
       Ossuary |    693 |    693 |      0 |      0 |    511 |   1 |  693.0 |
               +--------+--------+--------+--------+--------+-----+--------+

Top non-repeatable levels by time:
     D:8: 1820 daAuts
     D:4: 1528 daAuts
     D:5: 1379 daAuts
     D:9: 1326 daAuts
     D:7: 1312 daAuts
     D:2: 1304 daAuts
     D:1: 1277 daAuts
    D:10: 1203 daAuts
     D:6: 1068 daAuts
     D:3: 897 daAuts
 Ossuary: 693 daAuts
    D:11: 619 daAuts
 Abyss:2: 195 daAuts
  Temple: 170 daAuts
 Abyss:3: 35 daAuts
